 Dungeon Crawl Stone Soup version 0.22-a0-539-gfbd9004e3f (webtiles) character file.

82 JackS81 the Cudgeler (level 4, 0/35 HPs)
             Began as a Demonspawn Monk on June 24, 2018.
             Slain by a phantom (1 damage)
             ... on level 2 of the Dungeon.
             The game lasted 00:03:41 (1197 turns).

JackS81 the Cudgeler (Demonspawn Monk)              Turns: 1197, Time: 00:03:41

Health: 0/35       AC:  4    Str: 12    XL:     4   Next: 21%
Magic:  4/4        EV: 13    Int: 11    God:
Gold:   47         SH:  0    Dex: 16    Spells: 3/3 levels left

rFire    . . .     SeeInvis .   a - +0 mace
rCold    . . .     Gourm    .   (no shield)
rNeg     . . .     Faith    .   b - +0 robe
rPois    .         Spirit   .   (helmet restricted)
rElec    .         Reflect  .   (no cloak)
rCorr    .         Harm     .   (no gloves)
MR       .....                  (no boots)
Stlth    ++........             (no amulet)
HPRegen  0.11/turn              (no ring)
MPRegen  0.09/turn              (no ring)

@: flying
A: antennae 1, slimy green scales 1
a: no special abilities


You were on level 2 of the Dungeon.
You were not hungry.

You visited 1 branch of the dungeon, and saw 2 of its levels.

You collected 47 gold pieces.

Inventory:

Hand Weapons
 a - a +0 mace (weapon)
Missiles
 g - 7 javelins (quivered)
 j - 21 bolts
Armour
 b - a +0 robe (worn)
Scrolls
 d - 2 scrolls of teleportation {unknown}
 e - 2 scrolls of fog {unknown}
 f - a scroll of enchant armour {unknown}
 h - 2 scrolls of identify {unknown}
 i - a scroll of fear {unknown}
 o - a scroll of remove curse {unknown}
Comestibles
 c - 3 rations
 p - a chunk of flesh


   Skills:
 - Level 3.0 Fighting
 + Level 4.6 Maces & Flails
 - Level 2.6 Dodging
 - Level 1.7 Stealth


You had 3 spell levels left.
You didn't know any spells.
Your spell library was empty.

Dungeon Overview and Level Annotations

Branches:
Dungeon (2/15)

Altars:
The Shining One


Innate Abilities, Weirdness & Mutations

You have a pair of small antennae on your head.
You are partially covered in slimy green scales. (AC +2)


Message History

The phantom is moderately damaged.
The phantom hits you.
* * * LOW HITPOINT WARNING * * *
It was a potion of cancellation.
Your magical effects are unravelling.
You feel magically purged.
You feel yourself slow down.
Your resistance to elements expires.
It was a potion of flight.
You feel very buoyant.
You fly up into the air.
The phantom closely misses you.
You closely miss the phantom.
The phantom is moderately damaged.
The phantom misses you.
Okay, then.
You hit the phantom.
The phantom is moderately damaged.
The phantom hits you!
* * * LOW HITPOINT WARNING * * *
The phantom hits you.
You die...

##>#####.##........#
#..........#......#
#.<####.##....#.#.#
#.(# # ###.#.###.#
#..####.# #.#.# #
#....)..###.#.# #
####...######....###.#
.......#.##....#......#
###......@W.##.....####
#......###.####.#..#
#.#..#.# #####.#..#
#.##.#?# #......# #
#....#####.###.<#
.........# #..#
...######†###.##
.........#....#
...######.#####


You could see a phantom.

Vanquished Creatures
  A hound skeleton (D:2)
  A gnoll (D:1)
  3 adders (D:2)
  A dart slug (D:1)
  A leopard gecko (D:2)
  A giant cockroach (D:1)
  3 goblins (D:1)
  4 hobgoblins
  7 jackals
  4 frilled lizards
  2 kobolds (D:1)
  4 rats
32 creatures vanquished.

Notes
Turn   | Place    | Note
-------+----------+-------------------------------------------
     0 | D:1      | JackS81 the Demonspawn Monk began the quest for the Orb.
     0 | D:1      | Reached XP level 1. HP: 18/18 MP: 1/1
   105 | D:1      | Reached skill level 3 in Maces & Flails
   116 | D:1      | Gained mutation: You are partially covered in slimy green scales. (AC +2) [demonic ancestry]
   116 | D:1      | Reached XP level 2. HP: 21/24 MP: 2/2
   579 | D:1      | Reached XP level 3. HP: 29/29 MP: 3/3
   659 | D:1      | You fall through a shaft!
   700 | D:2      | Found a glowing golden altar of the Shining One.
   764 | D:2      | Reached skill level 4 in Maces & Flails
  1025 | D:2      | Gained mutation: You have a pair of small antennae on your head. [demonic ancestry]
  1025 | D:2      | Reached XP level 4. HP: 32/35 MP: 4/4
  1169 | D:2      | Noticed a phantom
  1197 | D:2      | HP: 1/35 [phantom (7)]
  1197 | D:2      | Slain by a phantom

Vault maps used:
D:1:      lemuel_arrival_lava_pool, serial_bayou, serial_bayou_shore_b,
          serial_bayou_pond_d, serial_bayou_shore_a, serial_bayou_shore_b,
          serial_bayou_lagoon_b, lemuel_another_geyser
D:2:      first_ration, nicolae_tso_swordbearing_angel

Skill      XL: |  1  2  3 |
---------------+----------+-----
Maces & Flails | 3 4 |  4.6
Fighting       | |  3.0
Dodging        | |  2.6
Stealth        | |  1.7

Action                   |  1- 3 |  4- 6 || total
-------------------------+-------+-------++-------
Melee: Mace              |    88 |    37 ||   125
Throw: Javelin           |    11 |       ||    11
  Use: Potion            |       |     4 ||     4
 Stab: Sleeping          |     4 |       ||     4
  Eat: Chunk             |       |     1 ||     1
Armor: Robe              |    20 |    12 ||    32
Dodge: Dodged            |    76 |    43 ||   119

Table legend:
 A = Spawn XP
 B = Non-spawn XP
 C = Spawn XP percentage of total XP
 D = Spawn monster count
 E = Non-spawn monster count
 F = Spawn count percentage of total count
 G = Total turns spent on level
                    A         B        C        D         E        F      G
               +---------+---------+-------+---------+---------+-------+---------
         Total |       0 |     118 |   0.0 |       0 |      32 |   0.0 |  1197
               +---------+---------+-------+---------+---------+-------+---------
           D:1 |       0 |      46 |   0.0 |       0 |      19 |   0.0 |   659
           D:2 |       0 |      72 |   0.0 |       0 |      13 |   0.0 |   538
               +---------+---------+-------+---------+---------+-------+---------
